 Dungeon Crawl Stone Soup version 0.22-a0-515-g75794bf (webtiles) character file.

189 galech the Skirmisher (level 5, -4/57 HPs)
             Began as an Ogre Berserker on June 19, 2018.
             Was a Priest of Trog.
             Slain by Amnesiac's ghost (6 damage)
             ... on level 4 of the Dungeon.
             The game lasted 00:03:44 (3446 turns).

galech the Skirmisher (Ogre Berserker)              Turns: 3446, Time: 00:03:45

Health: -4/57      AC:  3    Str: 22    XL:     5   Next: 68%
Magic:  5/5        EV:  9    Int:  8    God:    Trog [***...]
Gold:   179        SH:  0    Dex:  8    Spells: 4/4 levels left

rFire    . . .     SeeInvis .   a - +0 mace
rCold    . . .     Gourm    .   (no shield)
rNeg     . . .     Faith    .   b - +0 animal skin
rPois    .         Spirit   .   (helmet restricted)
rElec    .         Reflect  .   (no cloak)
rCorr    .         Harm     .   (gloves unavailable)
MR       .....                  (boots unavailable)
Stlth    +.........             (no amulet)
HPRegen  0.19/turn              (no ring)
MPRegen  0.09/turn              (no ring)

@: berserk cooldown, slowed, very heavily drained, very slow
A: large, unfitting armour, tough skin 1
a: Berserk, Trog's Hand, Renounce Religion


You were on level 4 of the Dungeon.
You worshipped Trog.
Trog was most pleased with you.
You were hungry.

You visited 1 branch of the dungeon, and saw 4 of its levels.

You collected 179 gold pieces.

Inventory:

Hand Weapons
 a - a +0 mace (weapon)
Armour
 b - a +0 animal skin (worn)
Wands
 s - a wand of acid (8)
Scrolls
 e - 3 scrolls of remove curse {unknown}
 f - a scroll of fog {unknown}
 h - 2 scrolls of amnesia {unknown}
 j - a scroll of blinking {unknown}
 k - 3 scrolls of identify {unknown}
 p - a scroll of teleportation {unknown}
Potions
 d - a potion of lignification {unknown}
 g - a potion of haste {unknown}
 i - a potion of flight {unknown}
 l - a potion of ambrosia {unknown}
 m - 3 potions of agility {unknown}
 n - a potion of invisibility {unknown}
 o - 2 potions of degeneration {unknown}
 q - 3 potions of might {unknown}
 r - a potion of berserk rage {unknown}
Comestibles
 c - 6 rations
 t - 6 chunks of flesh


   Skills:
 + Level 5.1(0.0) Fighting
 + Level 4.2(0.0) Maces & Flails
 + Level 3.8(0.0) Dodging
 + Level 0.4(0.0) Stealth


You had 4 spell levels left.
You didn't know any spells.
Your spell library was empty.

Dungeon Overview and Level Annotations

Branches:
Dungeon (4/15)
 Temple: D:4-7

Altars:
Elyvilon
Okawaru
Zin
The Shining One
Beogh

Annotations:
D:4 Amnesiac's ghost, amateur SpBe


Innate Abilities, Weirdness & Mutations

You are too large for most types of armour.
You have tough skin. (AC +1)


Message History

The bat hits you.
* * * LOW HITPOINT WARNING * * *
The bat hits you but does no damage. Amnesiac's ghost closely misses you.
The bat hits you but does no damage.
The bat is sucked into a shaft!
The shaft crumbles and collapses.
Amnesiac's ghost hits you.
* * * LOW HITPOINT WARNING * * *
You feel drained.
There is a stone staircase leading down here.
Amnesiac's ghost barely misses you.
You climb downwards.
A worm comes into view.
Found a stone staircase leading down.
There is a stone staircase leading up here.
Amnesiac's ghost hits you.
* * * LOW HITPOINT WARNING * * *
You feel drained.
* * * LOW HITPOINT WARNING * * *
Amnesiac's ghost hits you.
You die...

##. #...
#.w## #...##
#....#####.#
#.>.........
#...<#
##W..# #@###
#.......$
#####.... ..


You could see a worm and Amnesiac's ghost.

Vanquished Creatures
  An orc wizard (D:3)
  An orc priest (D:3)
  3 adders
  2 worms
  5 dart slugs
  2 leopard geckos (D:3)
  3 orcs (D:3)
  10 goblins
  10 hobgoblins
  4 jackals (D:1)
  10 kobolds
  4 quokkas
  2 ball pythons
  6 bats
  5 frilled lizards
  18 rats
86 creatures vanquished.

Notes
Turn   | Place    | Note
-------+----------+-------------------------------------------
     0 | D:1      | galech the Ogre Berserker began the quest for the Orb.
     0 | D:1      | Reached XP level 1. HP: 24/24 MP: 1/1
   224 | D:1      | Reached XP level 2. HP: 31/32 MP: 2/2
   800 | D:1      | Reached XP level 3. HP: 38/40 MP: 3/3
  1077 | D:1      | Reached ** piety under Trog
  1747 | D:2      | Found a glowing golden altar of the Shining One.
  1751 | D:2      | Found a white marble altar of Elyvilon.
  1774 | D:2      | Found a glowing silver altar of Zin.
  1862 | D:2      | Reached XP level 4. HP: 29/49 MP: 4/4
  2596 | D:3      | Found an iron altar of Okawaru.
  2646 | D:3      | Reached *** piety under Trog
  2711 | D:3      | Found a runed gate.
  2711 | D:3      | Found a runed gate.
  2711 | D:3      | Found a runed gate.
  2718 | D:3      | Noticed Amnesiac's ghost (amateur SpBe)
  3089 | D:3      | Reached XP level 5. HP: 39/55 MP: 5/5
  3326 | D:3      | Found a roughly hewn altar of Beogh.
  3330 | D:3      | Reached skill level 5 in Fighting
  3445 | D:4      | HP: 2/57 [Amnesiac's ghost (2)]
  3446 | D:4      | Slain by Amnesiac's ghost

Vault maps used:
D:1:      erik_arrival_orb_chamber, minivault_27, amethyst_killhole
D:2:      minmay_kobold_bridge, good_gods_mini_temple, minmay_unequal
D:3:      okawaru_trees_2, gammafunk_ghost_split, kennysheep_orc_chapel
D:4:      first_ration, uniq_natasha, uniq_ijyb

Skill      XL: |  1  2  3  4  5 |
---------------+----------------+-----
Maces & Flails | 3 4 |  4.2
Dodging        | 3 |  3.8
Fighting       | 5 |  5.1
Stealth        | |  0.4

Action                   |  1- 3 |  4- 6 || total
-------------------------+-------+-------++-------
Melee: Mace              |   130 |   164 ||   294
Invok: Berserk           |     3 |     3 ||     6
       Trog's Hand       |       |     1 ||     1
  Eat: Chunk             |     5 |     8 ||    13
Armor: Animal skin       |    41 |    74 ||   115
Dodge: Dodged            |    86 |   128 ||   214

Table legend:
 A = Spawn XP
 B = Non-spawn XP
 C = Spawn XP percentage of total XP
 D = Spawn monster count
 E = Non-spawn monster count
 F = Spawn count percentage of total count
 G = Total turns spent on level
                    A         B        C        D         E        F      G
               +---------+---------+-------+---------+---------+-------+---------
         Total |       0 |     271 |   0.0 |       0 |      86 |   0.0 |  3446
               +---------+---------+-------+---------+---------+-------+---------
           D:1 |       0 |      55 |   0.0 |       0 |      34 |   0.0 |  1556
           D:2 |       0 |      75 |   0.0 |       0 |      26 |   0.0 |  1014
           D:3 |       0 |     141 |   0.0 |       0 |      26 |   0.0 |   874
               +---------+---------+-------+---------+---------+-------+---------
